AoeStats
← Vicho

Highland

506297680Analyzed
2v2 RM · 18d ago on Sep 13, 2026· 34m 22s· 4 players
Game mode
Random Map
Map size
Medium (4 player)
Population
200
Speed
Normal
Resources
Standard
Victory
Conquest
Starting age
Dark Age
Ending age
Imperial Age
RankedLock teamsTeams togetherTeam positionsShared explorationLock speedFull tech treeHidden civsTurbo modeCheats
Victory
Defeat
🇨🇱 Romans · Chile
611
+14
🇨🇱 Bohemians · Chile
608
+15
🇻🇳 Persians · Vietnam
587
-15
🇨🇦 Portuguese · Canada
569
-14
Sorrentino79712
7:25 Loom
12:33 Feudal Age
13:02 Double-Bit Axe
13:08 Arson
14:27 Man-at-Arms
15:59 Horse Collar
16:38 Town Watch
17:29 Gold Mining
24:24 Castle Age
23:41 Stone Mining
28:35 Wheelbarrow
29:00 Bow Saw
28:58 Heavy Plow
29:30 Town Patrol
29:52 Fletching
31:12 Bodkin Arrow
32:00 Murder Holes
32:28 Ballistics
33:22 Fortified Wall
no
Vicho
1:14 Loom
14:45 Feudal Age
16:17 Man-at-Arms
17:53 Horse Collar
25:50 Castle Age
25:31 Scale Mail Armor
25:41 Forging
33:00 Double-Bit Axe
Whalter
0:46 Loom
12:00 Feudal Age
22:30 Castle Age
21:08 Double-Bit Axe
21:17 Gold Mining
21:12 Horse Collar
22:57 Stone Mining
25:04 Bow Saw
31:32 Ballistics
Connection lost

Rejoining the realm…

Still unreachable

The connection could not be restored.

Session expired

The server has moved on; the page needs a fresh start.